TOP OF THE 1ST |
Nassau Rockets batting - Pitching for New Orleans Looters : RHP Marty Bradford
|
Pitching: RHP Marty Bradford
|
|
Batting: RHB Sadayoshi Kato
|
0-0: Called Strike 0-1: Ball 1-1: Ball 2-1: Ball 3-1: Base on Balls
|
Batting: SHB Howard Parker
|
0-0: Ball 1-0: Ball 2-0: Foul Ball, location: 2F 2-1: Called Strike 2-2: Foul Ball, location: 2F 2-2: DOUBLE (Line Drive, 7LM) Sadayoshi Kato to third
|
Batting: LHB Alden Lindsey
|
0-0: Called Strike 0-1: Ball 1-1: Called Strike 1-2: Ball 2-2: Ball 3-2: Base on Balls
|
Batting: LHB Jarred Jackson
|
0-0: Ball 1-0: Fly out, F7 (Popup, 7S)
|
Batting: RHB Carlos MacKinney
|
0-0: Called Strike 0-1: Ball 1-1: Ball 2-1: Fly out, F6 (Line Drive, 6)
|
Batting: SHB Suezo Sugimoto
|
0-0: Called Strike 0-1: Foul Ball, location: 2F 0-2: Strikes out swinging
|
Top of the 1st over - 0 run(s), 1 hit(s), 0 error(s), 3 left on base; Nassau 0 - New Orleans 0 |
BOTTOM OF THE 1ST |
New Orleans Looters batting - Pitching for Nassau Rockets : RHP Jason Drake
|
Pitching: RHP Jason Drake
|
|
Batting: RHB Francisco Ibarra
|
0-0: SINGLE (Line Drive, 89S)
|
Batting: LHB José Esparza
|
0-0: Called Strike 0-1: Ball 1-1: Ball 2-1: Foul Ball, location: 2F 2-2: Ball 3-2: DOUBLE (Line Drive, 9LM) Francisco Ibarra to third
|
Batting: RHB Stephen Shaw
|
0-0: Fly out, F7 (Flyball, 78D) Runner from 3rd tags up, SCORES, no throw
|
Batting: SHB Oliver Deleón
|
0-0: Called Strike 0-1: Ball 1-1: SINGLE (Groundball, 4MD) José Esparza to third Runner from 3rd tries for Home, SAFE, no throw or cutoff
|
Batting: RHB Jimmy Simon
|
0-0: Called Strike 0-1: Swinging Strike 0-2: Ball 1-2: Ground out 5-3 (Groundball, 5S) Oliver Deleón to second
|
Batting: RHB Dominic Turner
|
0-0: Called Strike 0-1: Swinging Strike 0-2: Foul Ball, location: 2F 0-2: Strikes out swinging
|
Bottom of the 1st over - 2 run(s), 3 hit(s), 0 error(s), 1 left on base; Nassau 0 - New Orleans 2 |
TOP OF THE 2ND |
Nassau Rockets batting - Pitching for New Orleans Looters : RHP Marty Bradford
|
Batting: RHB Ed Sims
|
0-0: SINGLE (Flyball, 89S)
|
Batting: LHB Rafael Delgado
|
0-0: Ball 1-0: Ball 2-0: Swinging Strike 2-1: Ball 3-1: Foul Ball, location: 2F 3-2: Strikes out swinging
|
Batting: RHB Vern Carlton
|
0-0: Called Strike 0-1: Ball 1-1: Ball 2-1: Ball 3-1: Foul Ball, location: 2F 3-2: Strikes out looking
|
Batting: RHB Sadayoshi Kato
|
0-0: Ball 1-0: Swinging Strike 1-1: Ball 2-1: Ball 3-1: Base on Balls Ed Sims to second
|
Batting: SHB Howard Parker
|
0-0: Called Strike 0-1: Ball 1-1: Called Strike 1-2: Ball 2-2: Strikes out swinging
|
Top of the 2nd over - 0 run(s), 1 hit(s), 0 error(s), 2 left on base; Nassau 0 - New Orleans 2 |
BOTTOM OF THE 2ND |
New Orleans Looters batting - Pitching for Nassau Rockets : RHP Jason Drake
|
Batting: RHB José Mora
|
0-0: Ball 1-0: Foul Ball, location: 2F 1-1: Ball 2-1: Foul Ball, location: 2F 2-2: Foul Ball, location: 2F 2-2: DOUBLE (Line Drive, 9LM)
|
Batting: LHB Miguel Colón
|
0-0: Ground out 6-3 (Groundball, 6)
|
Batting: LHB Miguel Castillo
|
0-0: Called Strike 0-1: Swinging Strike 0-2: Ball 1-2: Ground out 4-3 (Groundball, 4MS) José Mora to third
|
Batting: RHB Francisco Ibarra
|
0-0: Ball 1-0: Called Strike 1-1: Ball 2-1: Ball 3-1: Swinging Strike 3-2: Ground out 4-3 (Groundball, 4)
|
Bottom of the 2nd over - 0 run(s), 1 hit(s), 0 error(s), 1 left on base; Nassau 0 - New Orleans 2 |
TOP OF THE 3RD |
Nassau Rockets batting - Pitching for New Orleans Looters : RHP Marty Bradford
|
Batting: LHB Alden Lindsey
|
0-0: Ball 1-0: Called Strike 1-1: Foul Ball, location: 2F 1-2: Strikes out swinging
|
Batting: LHB Jarred Jackson
|
0-0: Ball 1-0: Ball 2-0: Called Strike 2-1: Swinging Strike 2-2: Strikes out swinging
|
Batting: RHB Carlos MacKinney
|
0-0: Ball 1-0: SINGLE (Line Drive, 78S)
|
Batting: SHB Suezo Sugimoto
|
0-0: Called Strike 0-1: Swinging Strike 0-2: Foul Ball, location: 2F 0-2: Fly out, F7 (Flyball, 78M)
|
Top of the 3rd over - 0 run(s), 1 hit(s), 0 error(s), 1 left on base; Nassau 0 - New Orleans 2 |
BOTTOM OF THE 3RD |
New Orleans Looters batting - Pitching for Nassau Rockets : RHP Jason Drake
|
Batting: LHB José Esparza
|
0-0: Foul Ball, location: 2F 0-1: Ball 1-1: Foul Ball, location: 2F 1-2: Ground out 6-3 (Groundball, 6)
|
Batting: RHB Stephen Shaw
|
0-0: Ball 1-0: Called Strike 1-1: Ball 2-1: Ball 3-1: Base on Balls
|
Batting: SHB Oliver Deleón
|
0-0: Swinging Strike 0-1: Swinging Strike 0-2: Ball 1-2: Strikes out looking
|
Batting: RHB Jimmy Simon
|
0-0: Called Strike 0-1: Swinging Strike 0-2: Ball 1-2: Ball 2-2: Ground out 5-3 (Groundball, 5)
|
Bottom of the 3rd over - 0 run(s), 0 hit(s), 0 error(s), 1 left on base; Nassau 0 - New Orleans 2 |
TOP OF THE 4TH |
Nassau Rockets batting - Pitching for New Orleans Looters : RHP Marty Bradford
|
Batting: RHB Ed Sims
|
0-0: Called Strike 0-1: Ball 1-1: Ball 2-1: Foul Ball, location: 2F 2-2: Foul Ball, location: 2F 2-2: Ground out 4-3 (Groundball, 4)
|
Batting: LHB Rafael Delgado
|
0-0: Ball 1-0: SINGLE (Groundball, 34D)
|
Batting: RHB Vern Carlton
|
0-0: Ball 1-0: Called Strike 1-1: Ball 2-1: Foul Ball, location: 2F 2-2: Fly out, F7 (Flyball, 78M)
|
Batting: RHB Sadayoshi Kato
|
0-0: Ball Rafael Delgado steals 2nd base 1-0: Swinging Strike 1-1: Foul Ball, location: 2F 1-2: Ball 2-2: Ball 3-2: Base on Balls
|
Batting: SHB Howard Parker
|
0-0: Called Strike 0-1: Called Strike 0-2: Foul Ball, location: 2F 0-2: Foul Ball, location: 2F 0-2: Strikes out swinging
|
Top of the 4th over - 0 run(s), 1 hit(s), 0 error(s), 2 left on base; Nassau 0 - New Orleans 2 |
BOTTOM OF THE 4TH |
New Orleans Looters batting - Pitching for Nassau Rockets : RHP Jason Drake
|
Batting: RHB Dominic Turner
|
0-0: Foul Ball, location: 2F 0-1: Ball 1-1: Foul Ball, location: 2F 1-2: Ball 2-2: Strikes out swinging
|
Batting: RHB José Mora
|
0-0: Ball 1-0: SINGLE (Line Drive, 89S)
|
Batting: LHB Miguel Colón
|
0-0: Called Strike 0-1: Foul Ball, location: 2F 0-2: Fielders Choice at 2nd, 3-6 (Groundball, 3)
|
Batting: LHB Miguel Castillo
|
Pickoff Throw to First - Out!
|
Bottom of the 4th over - 0 run(s), 1 hit(s), 0 error(s), 0 left on base; Nassau 0 - New Orleans 2 |
TOP OF THE 5TH |
Nassau Rockets batting - Pitching for New Orleans Looters : RHP Marty Bradford
|
Batting: LHB Alden Lindsey
|
0-0: Ball 1-0: Foul Ball, location: 2F 1-1: Fly out, F9 (Flyball, 9M)
|
Batting: LHB Jarred Jackson
|
0-0: Ball 1-0: Foul Ball, location: 2F 1-1: Foul Ball, location: 2F 1-2: Ball 2-2: Foul Ball, location: 2F 2-2: Ground out 4-3 (Groundball, 34S)
|
Batting: RHB Carlos MacKinney
|
0-0: Called Strike 0-1: Foul Ball, location: 2F 0-2: Ball 1-2: Foul Ball, location: 2F 1-2: Ball 2-2: Ground out U3 (Groundball, 3S)
|
Top of the 5th over - 0 run(s), 0 hit(s), 0 error(s), 0 left on base; Nassau 0 - New Orleans 2 |
BOTTOM OF THE 5TH |
New Orleans Looters batting - Pitching for Nassau Rockets : RHP Jason Drake
|
Batting: LHB Miguel Castillo
|
0-0: Ball 1-0: Foul Ball, location: 2F 1-1: Foul Ball, location: 2F 1-2: Foul Ball, location: 2F 1-2: Ball 2-2: Foul Ball, location: 2F 2-2: Ball 3-2: Foul Ball, location: 2F 3-2: TRIPLE (Line Drive, 8RS)
|
Batting: RHB Francisco Ibarra
|
0-0: Called Strike 0-1: Called Strike 0-2: Ball 1-2: Foul Ball, location: 2F 1-2: Ball 2-2: Ball 3-2: Fly out, F3 (Line Drive, 3)
|
Batting: LHB José Esparza
|
0-0: Fly out, F8 (Flyball, 8RS)
|
Batting: RHB Stephen Shaw
|
0-0: Foul Ball, location: 2F 0-1: Ball 1-1: Ball 2-1: Foul Ball, location: 2F 2-2: Ball 3-2: Foul Ball, location: 2F 3-2: SINGLE (Groundball, 6MD) Miguel Castillo scores
|
Batting: SHB Oliver Deleón
|
0-0: Foul Ball, location: 2F 0-1: Fly out, F8 (Flyball, 89XD)
|
Bottom of the 5th over - 1 run(s), 2 hit(s), 0 error(s), 1 left on base; Nassau 0 - New Orleans 3 |
TOP OF THE 6TH |
Nassau Rockets batting - Pitching for New Orleans Looters : RHP Marty Bradford
|
Batting: SHB Suezo Sugimoto
|
0-0: Ball 1-0: Called Strike 1-1: Ball 2-1: Swinging Strike 2-2: Ball 3-2: Base on Balls
|
Pitching: RHP Ienobu Sato
|
|
Batting: RHB Ed Sims
|
0-0: Fly out, F9 (Flyball, 9M)
|
Batting: LHB Rafael Delgado
|
0-0: Ball 1-0: Called Strike 1-1: Ball 2-1: Ball 3-1: Base on Balls Suezo Sugimoto to second
|
Batting: RHB Vern Carlton
|
0-0: Called Strike Suezo Sugimoto steals 3rd base Rafael Delgado to second 0-1: Ball 1-1: Foul Ball, location: 2F 1-2: Foul Ball, location: 2F 1-2: Ball 2-2: Ball 3-2: Strikes out looking
|
Batting: RHB Sadayoshi Kato
|
0-0: Called Strike 0-1: Called Strike 0-2: Ball 1-2: Fly out, F8 (Flyball, 8RM)
|
Top of the 6th over - 0 run(s), 0 hit(s), 0 error(s), 2 left on base; Nassau 0 - New Orleans 3 |
BOTTOM OF THE 6TH |
New Orleans Looters batting - Pitching for Nassau Rockets : RHP Jason Drake
|
Batting: RHB Jimmy Simon
|
0-0: Foul Ball, location: 2F 0-1: Ball 1-1: Ground out 5-3 (Groundball, 5L)
|
Batting: RHB Dominic Turner
|
0-0: Ball 1-0: Foul Ball, location: 2F 1-1: Ball 2-1: Ball 3-1: Swinging Strike 3-2: Base on Balls
|
Pitching: RHP José García
|
|
Batting: RHB José Mora
|
0-0: Ball 1-0: Swinging Strike 1-1: Swinging Strike 1-2: SINGLE (Line Drive, 78S) Dominic Turner to second
|
Batting: LHB Miguel Colón
|
0-0: Ball 1-0: Ball 2-0: Ball 3-0: Base on Balls Dominic Turner to third José Mora to second
|
Batting: LHB Miguel Castillo
|
0-0: Fly out, F6 (Popup, 6MS)
|
Batting: RHB Francisco Ibarra
|
0-0: Foul Ball, location: 2F 0-1: Swinging Strike 0-2: Strikes out swinging
|
Bottom of the 6th over - 0 run(s), 1 hit(s), 0 error(s), 3 left on base; Nassau 0 - New Orleans 3 |
TOP OF THE 7TH |
Nassau Rockets batting - Pitching for New Orleans Looters : RHP Ienobu Sato
|
Batting: SHB Howard Parker
|
0-0: Ball 1-0: Fly out, F7 (Flyball, 7M)
|
Batting: LHB Alden Lindsey
|
0-0: Ball 1-0: Ball 2-0: Called Strike 2-1: Ball 3-1: Base on Balls
|
Batting: LHB Jarred Jackson
|
0-0: Swinging Strike 0-1: Ball 1-1: Foul Ball, location: 2F 1-2: Foul Ball, location: 2F 1-2: Ball 2-2: Ball 3-2: Base on Balls Alden Lindsey to second
|
Batting: RHB Carlos MacKinney
|
0-0: Called Strike 0-1: Ball 1-1: Swinging Strike 1-2: Ball 2-2: Ball 3-2: Strikes out swinging
|
Batting: SHB Suezo Sugimoto
|
0-0: Foul Ball, location: 2F 0-1: Swinging Strike 0-2: SINGLE (Groundball, 6MD) Alden Lindsey to third Jarred Jackson to second Runner from 3rd tries for Home, SAFE, no throw or cutoff
|
Pitching: RHP Ricardo Pérez
|
|
Batting: RHB Ed Sims
|
0-0: Called Strike 0-1: Ball 1-1: Ball 2-1: Swinging Strike 2-2: Ball 3-2: Base on Balls Jarred Jackson to third Suezo Sugimoto to second
|
Pinch Hitting: SHB Dave MacThomas
|
0-0: Foul Ball, location: 2F 0-1: DOUBLE (Groundball, 3L) Jarred Jackson scores Suezo Sugimoto scores Ed Sims to third
|
Pinch Hitting: RHB Felipe Rivera
|
0-0: Called Strike 0-1: Foul Ball, location: 2F 0-2: Ball 1-2: Foul Ball, location: 2F 1-2: Ball 2-2: Ball 3-2: Ground out 2-3 (Groundball, 2R)
|
Top of the 7th over - 3 run(s), 2 hit(s), 0 error(s), 2 left on base; Nassau 3 - New Orleans 3 |
BOTTOM OF THE 7TH |
New Orleans Looters batting - Pitching for Nassau Rockets : RHP José García
|
Now at SS: Dave MacThomas
|
|
Now in RF: Felipe Rivera
|
|
Batting: LHB José Esparza
|
0-0: Ball 1-0: Swinging Strike 1-1: Fly out, F7 (Flyball, 7M)
|
Batting: RHB Stephen Shaw
|
0-0: Ground out 5-3 (Groundball, 5)
|
Batting: SHB Oliver Deleón
|
0-0: DOUBLE (Line Drive, 9D)
|
Batting: RHB Jimmy Simon
|
0-0: Foul Ball, location: 2F 0-1: Ground out 5-3 (Groundball, 5S)
|
Bottom of the 7th over - 0 run(s), 1 hit(s), 0 error(s), 1 left on base; Nassau 3 - New Orleans 3 |
TOP OF THE 8TH |
Nassau Rockets batting - Pitching for New Orleans Looters : RHP Ricardo Pérez
|
Batting: RHB Sadayoshi Kato
|
0-0: Ball 1-0: Ball 2-0: Ball 3-0: Called Strike 3-1: Called Strike 3-2: Foul Ball, location: 2F 3-2: Base on Balls
|
Batting: SHB Howard Parker
|
0-0: Foul Ball, location: 2F 0-1: Ball 1-1: Sac Bunt - play at first, batter safe! Sadayoshi Kato to second
|
Batting: LHB Alden Lindsey
|
0-0: Ball 1-0: Ball 2-0: Called Strike 2-1: Foul Ball, location: 2F 2-2: Foul Ball, location: 2F 2-2: Strikes out swinging
|
Batting: LHB Jarred Jackson
|
0-0: Foul Ball, location: 2F 0-1: Ball 1-1: Called Strike 1-2: Ball 2-2: Ball 3-2: Fly out, F7 (Flyball, 78D)
|
Pitching: LHP Tadao Yoshida
|
|
Batting: RHB Carlos MacKinney
|
0-0: Ground out 4-3 (Groundball, 4)
|
Top of the 8th over - 0 run(s), 1 hit(s), 0 error(s), 2 left on base; Nassau 3 - New Orleans 3 |
BOTTOM OF THE 8TH |
New Orleans Looters batting - Pitching for Nassau Rockets : RHP José García
|
Batting: RHB Dominic Turner
|
0-0: Called Strike 0-1: Called Strike 0-2: Ground out 2-3 (Groundball, 2R)
|
Pitching: RHP Jerry Good
|
|
Pinch Hitting: LHB Fernando Ramos
|
0-0: Foul Ball, location: 2F 0-1: Foul Ball, location: 2F 0-2: Ball 1-2: Strikes out looking
|
Batting: LHB Miguel Colón
|
0-0: Foul Ball, location: 2F 0-1: Fly out, F1 (Popup, 13S)
|
Bottom of the 8th over - 0 run(s), 0 hit(s), 0 error(s), 0 left on base; Nassau 3 - New Orleans 3 |
TOP OF THE 9TH |
Nassau Rockets batting - Pitching for New Orleans Looters : LHP Tadao Yoshida
|
Pitching: LHP Juan Méndez
|
|
Now at 3B: António Yánez
|
|
Pinch Hitting: RHB José Hernández
|
0-0: Ground out 4-3 (Groundball, 34)
|
Batting: RHB Ed Sims
|
0-0: Swinging Strike 0-1: Ball 1-1: Ground out U3 (Groundball, 3L)
|
Batting: SHB Dave MacThomas
|
0-0: Swinging Strike 0-1: Ball 1-1: SINGLE (Flyball, 89S)
|
Batting: RHB Felipe Rivera
|
0-0: Swinging Strike 0-1: Called Strike 0-2: SINGLE (Line Drive, 4D) Dave MacThomas to second
|
Batting: RHB Sadayoshi Kato
|
0-0: Ball 1-0: Ball Wild Pitch! Dave MacThomas to third Felipe Rivera to second 2-0: Called Strike 2-1: Swinging Strike 2-2: Ball 3-2: Ground out 1-3 (Groundball, 13S)
|
Top of the 9th over - 0 run(s), 2 hit(s), 0 error(s), 2 left on base; Nassau 3 - New Orleans 3 |
BOTTOM OF THE 9TH |
New Orleans Looters batting - Pitching for Nassau Rockets : RHP Jerry Good
|
Pitching: RHP Howard Green
|
|
Now at 1B: José Hernández
|
|
Batting: LHB Miguel Castillo
|
0-0: Ball 1-0: Called Strike 1-1: Fly out, F2 (Popup, 2LF)
|
Batting: RHB Francisco Ibarra
|
0-0: Called Strike 0-1: Ball 1-1: Called Strike 1-2: Foul Ball, location: 2F 1-2: Ball 2-2: Strikes out swinging
|
Batting: LHB José Esparza
|
0-0: Ground out 4-3 (Groundball, 4)
|
Bottom of the 9th over - 0 run(s), 0 hit(s), 0 error(s), 0 left on base; Nassau 3 - New Orleans 3 |
TOP OF THE 10TH |
Nassau Rockets batting - Pitching for New Orleans Looters : LHP Juan Méndez
|
Batting: SHB Howard Parker
|
0-0: SINGLE (Line Drive, 8RS)
|
Batting: LHB Alden Lindsey
|
0-0: Ball 1-0: Called Strike 1-1: Ball 2-1: Ball 3-1: SINGLE (Line Drive, 6MD) Howard Parker to second
|
Pinch Hitting: RHB Victor Andrews
|
0-0: Foul Ball, location: 2F 0-1: Foul Ball, location: 2F 0-2: Strikes out swinging
|
Batting: RHB Carlos MacKinney
|
0-0: Ball 1-0: Ball 2-0: Called Strike 2-1: Foul Ball, location: 2F 2-2: Ball 3-2: Foul Ball, location: 2F 3-2: Strikes out swinging
|
Batting: RHB José Hernández
|
0-0: Ball 1-0: Called Strike 1-1: Foul Ball, location: 2F 1-2: SINGLE (Groundball, 15) (infield hit) Howard Parker to third Alden Lindsey to second
|
Batting: RHB Ed Sims
|
0-0: Called Strike 0-1: Ball 1-1: Swinging Strike 1-2: Foul Ball, location: 2F 1-2: Ball 2-2: Strikes out swinging
|
Top of the 10th over - 0 run(s), 3 hit(s), 0 error(s), 3 left on base; Nassau 3 - New Orleans 3 |
BOTTOM OF THE 10TH |
New Orleans Looters batting - Pitching for Nassau Rockets : RHP Howard Green
|
Now in LF: Francisco Rincón
|
|
Batting: RHB Stephen Shaw
|
0-0: Ball 1-0: Foul Ball, location: 2F 1-1: Called Strike 1-2: Strikes out swinging
|
Batting: SHB Oliver Deleón
|
0-0: Ground out 1-3 (Groundball, 13)
|
Batting: RHB Jimmy Simon
|
0-0: Ball 1-0: Ball 2-0: Ground out 6-3 (Groundball, 6)
|
Bottom of the 10th over - 0 run(s), 0 hit(s), 0 error(s), 0 left on base; Nassau 3 - New Orleans 3 |
TOP OF THE 11TH |
Nassau Rockets batting - Pitching for New Orleans Looters : LHP Juan Méndez
|
Pitching: RHP Dale Downs
|
|
Batting: SHB Dave MacThomas
|
0-0: Ball 1-0: Called Strike 1-1: Called Strike 1-2: Strikes out swinging
|
Batting: RHB Felipe Rivera
|
0-0: Called Strike 0-1: Swinging Strike 0-2: Ball 1-2: Ground out 6-3 (Groundball, 6M)
|
Batting: RHB Sadayoshi Kato
|
0-0: Ball 1-0: Swinging Strike 1-1: Fly out, F9 (Line Drive, 9LM)
|
Top of the 11th over - 0 run(s), 0 hit(s), 0 error(s), 0 left on base; Nassau 3 - New Orleans 3 |
BOTTOM OF THE 11TH |
New Orleans Looters batting - Pitching for Nassau Rockets : RHP Howard Green
|
Pitching: RHP Juan Franco
|
|
Batting: RHB Dominic Turner
|
0-0: Fly out, F9 (Flyball, 9M)
|
Pinch Hitting: RHB Diego Rivera
|
0-0: Called Strike 0-1: Ball 1-1: Called Strike 1-2: Strikes out swinging
|
Batting: LHB Miguel Colón
|
0-0: Swinging Strike 0-1: Called Strike 0-2: Foul Ball, location: 2F 0-2: Ball 1-2: Strikes out looking
|
Bottom of the 11th over - 0 run(s), 0 hit(s), 0 error(s), 0 left on base; Nassau 3 - New Orleans 3 |
TOP OF THE 12TH |
Nassau Rockets batting - Pitching for New Orleans Looters : RHP Dale Downs
|
Now at 3B: Dave O'Loan
|
|
Batting: SHB Howard Parker
|
0-0: Ball 1-0: Swinging Strike 1-1: Foul Ball, location: 2F 1-2: Fly out, F7 (Line Drive, 78M)
|
Batting: LHB Alden Lindsey
|
0-0: Ball 1-0: Foul Ball, location: 2F 1-1: Ball 2-1: Swinging Strike 2-2: Foul Ball, location: 2F 2-2: Ball 3-2: Strikes out looking
|
Batting: RHB Francisco Rincón
|
0-0: Swinging Strike 0-1: Ball 1-1: Fly out, F8 (Line Drive, 8LM)
|
Top of the 12th over - 0 run(s), 0 hit(s), 0 error(s), 0 left on base; Nassau 3 - New Orleans 3 |
BOTTOM OF THE 12TH |
New Orleans Looters batting - Pitching for Nassau Rockets : RHP Juan Franco
|
Batting: LHB Miguel Castillo
|
0-0: Ground out 4-3 (Groundball, 4M)
|
Batting: RHB Francisco Ibarra
|
0-0: Called Strike 0-1: Swinging Strike 0-2: DOUBLE (Flyball, 89XD)
|
Batting: LHB José Esparza
|
0-0: Ball 1-0: Ball 2-0: Called Strike 2-1: Ball 3-1: Swinging Strike 3-2: Strikes out swinging
|
Batting: RHB Stephen Shaw
|
0-0: Ball 1-0: Called Strike 1-1: Ball 2-1: Ball 3-1: Swinging Strike 3-2: Foul Ball, location: 2F 3-2: Ground out 6-3 (Groundball, 6M)
|
Bottom of the 12th over - 0 run(s), 1 hit(s), 0 error(s), 1 left on base; Nassau 3 - New Orleans 3 |
TOP OF THE 13TH |
Nassau Rockets batting - Pitching for New Orleans Looters : RHP Dale Downs
|
Batting: RHB Carlos MacKinney
|
0-0: Ball 1-0: Called Strike 1-1: DOUBLE (Line Drive, 7LS)
|
Batting: RHB José Hernández
|
0-0: Swinging Strike 0-1: Swinging Strike 0-2: Foul Ball, location: 2F 0-2: Foul Ball, location: 2F 0-2: Ball 1-2: Ground out 5-3 (Groundball, 5S) Carlos MacKinney to third
|
Batting: RHB Ed Sims
|
0-0: SINGLE (Groundball, 6MD) Carlos MacKinney scores
|
Batting: SHB Dave MacThomas
|
0-0: Ball Ed Sims steals 2nd base 1-0: Fly out, F7 (Flyball, 7M)
|
Batting: RHB Felipe Rivera
|
0-0: Ball 1-0: Ball 2-0: Ball 3-0: Base on Balls
|
Pitching: RHP Rich Townsley
|
|
Batting: RHB Sadayoshi Kato
|
0-0: Ball 1-0: Ball 2-0: Foul Ball, location: 2F 2-1: Foul Ball, location: 2F 2-2: Ball 3-2: Base on Balls Ed Sims to third Felipe Rivera to second
|
Batting: SHB Howard Parker
|
0-0: Ball 1-0: Foul Ball, location: 2F 1-1: Foul Ball, location: 2F 1-2: Strikes out looking
|
Top of the 13th over - 1 run(s), 2 hit(s), 0 error(s), 3 left on base; Nassau 4 - New Orleans 3 |
BOTTOM OF THE 13TH |
New Orleans Looters batting - Pitching for Nassau Rockets : RHP Juan Franco
|
Batting: SHB Oliver Deleón
|
0-0: Called Strike 0-1: Foul Ball, location: 2F 0-2: Ball 1-2: Ball 2-2: Ground out U3 (Groundball, 3S)
|
Batting: RHB Jimmy Simon
|
0-0: Ball 1-0: Fly out, F8 (Flyball, 8RXD)
|
Batting: RHB Dominic Turner
|
0-0: Foul Ball, location: 2F 0-1: Called Strike 0-2: Ball 1-2: Ball 2-2: SINGLE (Line Drive, 34)
|
Batting: RHB Dave O'Loan
|
0-0: Ball 1-0: Ball 2-0: Called Strike 2-1: Ground out 1-3 (Groundball, 13)
|
Bottom of the 13th over - 0 run(s), 1 hit(s), 0 error(s), 1 left on base; Nassau 4 - New Orleans 3 |
|